 Dungeon Crawl Stone Soup version 0.28-a0-32-g8dfe7f97f6 (webtiles) character file.

Game seed: 560646564779539985

701511 snetch the Conqueror (level 27, -1/218 HPs)
             Began as a Minotaur Berserker on July 23, 2021.
             Was a High Priest of Trog.
             Killed from afar by a Hell Sentinel (44 damage)
             ... with damnation
             ... summoned by Siownon the Hellbinder
             ... in a wizard's laboratory on July 27, 2021.
             The game lasted 06:24:15 (83958 turns).

snetch the Conqueror (Minotaur Berserker)          Turns: 83958, Time: 06:24:15

Health: -1/218     AC: 48    Str: 33    XL:     27
Magic:  22/22      EV: 22    Int: 10    God:    Trog [*****.]
Gold:   6287       SH: 34    Dex: 17    Spells: 26/26 levels left

rFire   + . .      SeeInvis +   b - +8 trident of the Octopus King {venom, rElec rPois Will+}
rCold   + + .      Faith    .   h - +1 tower shield {rC+}
rNeg    + + .      Spirit   .   n - +1 crystal plate armour of Feufinlu {+Blink rF+ rC+}
rPois   +          Reflect  +   c - +2 hat {SInv}
rElec   +          Harm     .   O - +2 cloak
rCorr   +          Rampage  +   d - +2 pair of gloves {archery}
Will    +++++      Rnd*Tele +   H - +0 pair of boots {rampage}
Stlth   ..........              K - amulet of reflection
HPRegen 1.46/turn               M - ring of Autotheism {rN++ rCorr AC+4 Int+3 Dex+3}
MPRegen 0.18/turn               J - ring "Ysasiti" {+Blink rElec EV+4 Int+3 Dex+2}

@: strong-willed, regenerating, studying Bows
A: horns 2, retaliatory headbutt, hooves 1, frail 2, screaming 2, electricity
resistance, teleportitis 2, subdued magic 1
}: 5/15 runes: serpentine, barnacled, slimy, silver, abyssal
a: Renounce Religion, Evoke Blink, Berserk, Trog's Hand, Brothers in Arms


You were in a wizard's laboratory.
You worshipped Trog.
Trog was extremely pleased with you.
You visited 11 branches of the dungeon, and saw 51 of its levels.
You visited the Abyss 1 time.
You also visited: Trove, Bailey, Ice Cave, Volcano, Wizlab and Desolation.

You collected 8504 gold pieces.
You spent 2217 gold pieces at shops.

Inventory:

Hand Weapons
 a - the +8 mithril axe "Arga" {speed, Will+}
   (Trog gifted it to you on level 2 of the Orcish Mines)

   Attacks with this weapon are significantly faster.
   Will:      It increases your willpower.
 b - the +8 trident of the Octopus King (weapon) {venom, rElec rPois Will+}
   (You found it on level 6 of the Dungeon)

   It poisons the flesh of those it strikes.
   rElec:     It insulates you from electricity.
   rPois:     It protects you from poison.
   Will:      It increases your willpower.
Missiles
 w - 128 boomerangs
Armour
 c - a +2 hat of see invisible (worn)
 d - a +2 pair of gloves of archery (worn)
 h - a +1 tower shield of cold resistance (worn)
 n - the +1 crystal plate armour of Feufinlu (worn) {+Blink rF+ rC+}
   (You acquired it on level 3 of the Depths)

   rF:        It protects you from fire.
   rC:        It protects you from cold.
   +Blink:    It lets you blink.
 H - a +0 pair of boots of rampaging (worn)
 O - a +2 cloak (worn)
Jewellery
 J - the ring "Ysasiti" (right hand) {+Blink rElec EV+4 Int+3 Dex+2}
   (You found it in the Desolation of Salt)

   [ring of evasion]

   EV:        It affects your evasion (+4).
   Int:       It affects your intelligence (+3).
   Dex:       It affects your dexterity (+2).
   rElec:     It insulates you from electricity.
   +Blink:    It lets you blink.
 K - an amulet of reflection (around neck)
 M - the ring of Autotheism (left hand) {rN++ rCorr AC+4 Int+3 Dex+3}
   (You found it on level 1 of the Shoals)

   [ring of protection]

   AC:        It affects your AC (+4).
   Int:       It affects your intelligence (+3).
   Dex:       It affects your dexterity (+3).
   rN:        It greatly protects you from negative energy.
   rCorr:     It protects you from acid and corrosion.
Wands
 v - a wand of charming (18)
 E - a wand of flame (153) (quivered)
 X - a wand of iceblast (62)
Scrolls
 g - 7 scrolls of immolation
 j - 6 scrolls of fog
 k - 5 scrolls of blinking
 m - 4 scrolls of magic mapping
 t - 19 scrolls of teleportation
 y - 5 scrolls of vulnerability
 z - 4 scrolls of holy word
 R - a scroll of summoning
 U - 4 scrolls of fear
 Y - 6 scrolls of torment
Potions
 e - 10 potions of ambrosia
 f - 4 potions of resistance
 p - 4 potions of cancellation
 r - 6 potions of invisibility
 s - 3 potions of might
 u - 14 potions of haste
 B - 7 potions of lignification
 D - 10 potions of mutation
 F - 24 potions of curing
 G - 15 potions of heal wounds
 T - 10 potions of attraction
Miscellaneous
 l - a phantom mirror
 x - the horn of Geryon
 C - a condenser vane
 I - a tin of tremorstones (2/2)
 L - a phial of floods
 N - a lightning rod (4/4)
 W - a box of beasts


   Skills:
 O Level 27 Fighting
 - Level 16.5(18.0) Axes
 - Level 12.5(16.0) Polearms
 + Level 11.4 Throwing
 O Level 27 Armour
 + Level 20.1 Dodging
 + Level 11.6 Stealth
 - Level 25.0 Shields
 + Level 8.2 Evocations


You had 26 spell levels left.
You didn't know any spells.
Your spell library contained the following spells:

 Spells                   Type           Power      Damage    Failure   Level
 Animate Skeleton         Necr           0%         N/A       83%         1
 Apportation              Tloc           0%         N/A       83%         1
 Corona                   Hex            0%         N/A       83%         1
 Foxfire                  Conj/Fire      0%         2x1d4     83%         1
 Freeze                   Ice            0%         1d3       83%         1
 Magic Dart               Conj           0%         1d3       83%         1
 Pain                     Necr           0%         1d4       83%         1
 Sting                    Tmut/Pois      0%         1d3       83%         1
 Summon Small Mammal      Summ           0%         N/A       83%         1
 Blink                    Tloc           N/A        N/A       93%         2
 Call Imp                 Summ           0%         N/A       93%         2
 Corpse Rot               Necr/Air       N/A        N/A       93%         2
 Ensorcelled Hibernation  Hex/Ice        0%         N/A       93%         2
 Passwall                 Tmut/Erth      0%         N/A       93%         2
 Poisonous Vapours        Pois/Air       0%         N/A       93%         2
 Slow                     Hex            0%         N/A       93%         2
 Static Discharge         Conj/Air       0%         N/A       93%         2
 Sublimation of Blood     Necr           0%         N/A       93%         2
 Wereblood                Tmut           0%         N/A       93%         2
 Call Canine Familiar     Summ           0%         N/A       99%         3
 Confusing Touch          Hex            0%         N/A       99%         3
 Conjure Flame            Conj/Fire      0%         6-21      99%         3
 Dazzling Flash           Conj/Hex       0%         N/A       99%         3
 Frozen Ramparts          Ice            0%         1d2       99%         3
 Gell's Gravitas          Tloc           0%         N/A       99%         3
 Ignite Poison            Fire/Tmut/Pois 0%         N/A       99%         3
 Inner Flame              Hex/Fire       0%         N/A       99%         3
 Lesser Beckoning         Tloc           0%         N/A       99%         3
 Mephitic Cloud           Conj/Pois/Air  0%         N/A       99%         3
 Ozocubu's Armour         Ice            0%         N/A       99%         3
 Spider Form              Tmut/Pois      0%         N/A       99%         3
 Stone Arrow              Conj/Erth      0%         3d7       99%         3
 Summon Guardian Golem    Hex/Summ       0%         N/A       99%         3
 Teleport Other           Tloc           0%         N/A       99%         3
 Tukima's Dance           Hex            0%         N/A       99%         3
 Vampiric Draining        Necr           0%         2d6       99%         3
 Airstrike                Air            0%         N/A       100%        4
 Animate Armour           Summ/Erth      0%         N/A       100%        4
 Animate Dead             Necr           0%         N/A       100%        4
 Cause Fear               Hex            0%         N/A       100%        4
 Dispel Undead            Necr           0%         3d6       100%        4
 Fulminant Prism          Conj/Hex       0%         3d6       100%        4
 Hailstorm                Conj/Ice       0%         3d3       100%        4
 Ice Form                 Ice/Tmut       0%         N/A       100%        4
 Iskenderun's Mystic Bla  Conj/Tloc      0%         2d3       100%        4
 Leda's Liquefaction      Hex/Erth       0%         N/A       100%        4
 Olgreb's Toxic Radiance  Pois           0%         N/A       100%        4
 Passage of Golubria      Tloc           N/A        N/A       100%        4
 Petrify                  Tmut/Erth      0%         N/A       100%        4
 Sticky Flame             Conj/Fire      0%         2d3       100%        4
 Summon Ice Beast         Ice/Summ       0%         N/A       100%        4
 Summon Lightning Spire   Summ/Air       0%         N/A       100%        4
 Agony                    Necr           0%         N/A       100%        5
 Alistair's Intoxication  Tmut/Pois      0%         N/A       100%        5
 Blade Hands              Tmut           0%         N/A       100%        5
 Bolt of Magma            Conj/Fire/Erth 0%         4d4       100%        5
 Borgnjor's Vile Clutch   Necr/Erth      0%         N/A       100%        5
 Excruciating Wounds      Necr           0%         N/A       100%        5
 Fireball                 Conj/Fire      0%         3d3       100%        5
 Freezing Cloud           Conj/Ice/Air   0%         6-21      100%        5
 Irradiate                Conj/Tmut      0%         3d14      100%        5
 Iskenderun's Battlesphe  Conj           0%         2d6       100%        5
 Lee's Rapid Deconstruct  Erth           0%         3d5*      100%        5
 Lightning Bolt           Conj/Air       0%         1d11      100%        5
 Manifold Assault         Tloc           0%         N/A       100%        5
 Silence                  Hex/Air        0%         N/A       100%        5
 Summon Mana Viper        Hex/Summ       0%         N/A       100%        5
 Yara's Violent Unravell  Hex/Tmut       0%         3d3       100%        5
 Death Channel            Necr           0%         N/A       100%        6
 Dispersal                Tloc           0%         N/A       100%        6
 Eringya's Noxious Bog    Tmut/Pois      0%         N/A       100%        6
 Invisibility             Hex            0%         N/A       100%        6
 Iron Shot                Conj/Erth      0%         9d1       100%        6
 Starburst                Conj/Fire      0%         8x6d3     100%        6
 Statue Form              Tmut/Erth      0%         N/A       100%        6
 Dragon Form              Tmut           0%         N/A       100%        7
 Haunt                    Necr/Summ      0%         N/A       100%        7
 Monstrous Menagerie      Summ           0%         N/A       100%        7
 Orb of Destruction       Conj           0%         N/A       100%        7
 Ozocubu's Refrigeration  Ice            0%         4d5       100%        7
 Spellforged Servitor     Conj/Summ      0%         N/A       100%        7
 Storm Form               Tmut/Air       0%         N/A       100%        7
 Borgnjor's Revivificati  Necr           0%         N/A       100%        8
 Discord                  Hex            0%         N/A       100%        8
 Disjunction              Tloc           0%         N/A       100%        8
 Ignition                 Fire           0%         3d3       100%        8
 Infestation              Necr           0%         N/A       100%        8
 Lehudib's Crystal Spear  Conj/Erth      0%         10d2      100%        8
 Maxwell's Capacitive Co  Air            0%         ∞         100%        8
 Necromutation            Tmut/Necr      0%         N/A       100%        8
 Chain Lightning          Conj/Air       0%         N/A       100%        9
 Death's Door             Necr           0%         N/A       100%        9
 Dragon's Call            Summ           0%         N/A       100%        9
 Fire Storm               Conj/Fire      0%         5d1       100%        9


Dungeon Overview and Level Annotations

Branches:
Dungeon (15/15)            Temple (1/1) D:7            Lair (6/6) D:9
 Shoals (4/4) Lair:3        Snake (4/4) Lair:3        Slime (5/5) Lair:6
    Orc (2/2) D:11            Elf (3/3) Orc:2        Vaults (5/5) D:13
  Crypt (0/3) Vaults:2     Depths (5/5) D:15           Hell (visited)
    Dis (0/7) Hell            Geh (0/7) Hell            Coc (0/7) Hell
    Tar (0/7) Hell            Zot (0/5) Depths:5     Bailey (visited)
  IceCv (visited)         Volcano (visited)          WizLab (1/1)
Desolation (visited)

Altars:
Ashenzari
Cheibriados
Dithmenos
Elyvilon
Fedhas
Gozag
Hepliaklqana
Kikubaaqudgha
Makhleb
Nemelex Xobeh
Okawaru
Qazlal
Ru
Sif Muna
Trog
Uskayaw
Vehumet
Wu Jian
Xom
Yredelemnul
Zin
The Shining One
Beogh

Shops:
D:5 (   D:8 (   Orc:2 *((((   Elf:1 ?   Elf:3 !   Shoals:3 =   Snake:3 ?(
Snake:4 *   Vaults:1 :   Vaults:3 [   Vaults:5 !!!*!!!

Portals:
Hell: Depths:1 Depths:2 Depths:3
Abyss: Depths:3 Depths:4
Pandemonium: Depths:3

Annotations:
D:5 hydra behind stone


Innate Abilities, Weirdness & Mutations

You have a pair of horns on your head.
You reflexively headbutt those who attack you in melee.
You have large cloven feet.
You are very frail. (-20% HP)
You frequently scream uncontrollably at your foes.
You are resistant to electric shocks. (rElec)
You are sometimes teleported next to monsters.
Your spells are a little easier to cast, but a little less powerful.


Message History

You are more poisoned.
You feel very sick.
You block the Hell Sentinel's attack. x2
You slash the Hell Sentinel!
The Hell Sentinel is heavily wounded.
You are engulfed in poison gas.
You are more poisoned.
You feel very sick. The green death gestures at you.
The blast of poison engulfs you but does no damage.
You are more poisoned.
You hit the Hell Sentinel but do no damage.
You headbutt the Hell Sentinel, but do no damage.
The Hell Sentinel is heavily wounded.
You are engulfed in poison gas.
You are more poisoned.
You feel extremely sick.
You block the Hell Sentinel's attack. x2
Your skin crawls.
You feel strong-willed.
You are engulfed in poison gas.
You are more poisoned.
You feel extremely sick. The Hell Sentinel gestures at you.
The sphere of damnation explodes!
The damnation engulfs you!!
* * * LOW HITPOINT WARNING * * *
The damnation engulfs the Hell Sentinel.
The Hell Sentinel completely resists.
The +8 trident of the Octopus King {venom, rElec rPois Will+} begins to drip with poison!
b - the +8 trident of the Octopus King (weapon)
{venom, rElec rPois Will+}
* * * LOW HITPOINT WARNING * * *
You feel extremely sick.
Unknown command.
Blink to where?
Press: ? - help, Dir - move target
As you read the scroll of blinking, it crumbles to dust.
* * * LOW HITPOINT WARNING * * *
You feel extremely sick.
You feel better. The Hell Sentinel gestures at you.
The sphere of damnation explodes!
The damnation engulfs you!!!
You die...

###'''### ###.....###
###.........###
##.............##
##...............##
#......#####......#
##.....##8⌠8##.....##
#.....##.....##.....#
##.............@.....##
#.....................#
#.......).............#
##..................°.°##
#......)##.....##....12°#
#|....)..##8_8##..@.○°○°#
#}).......#####......○○°##
8?(..................○°°8#
##########################


You could see Siownon the Hellbinder, a Hell Sentinel (summoned) and a green
death (summoned).

Vanquished Creatures
  A dread lich (Vaults:4)
  An ancient lich (Abyss:4)
  2 juggernauts
  Sojobo (Vaults:4)
  Margery (Vaults:5)
  A caustic shrike (Depths:3)
  2 golden dragons (Depths:2)
  the Enchantress (Depths:2)
  Nikola (Shoals:1)
  6 bone dragons
  2 hellephants (Depths:1)
  A doom hound (Depths:1)
  Jorgrun (Snake:3)
  A tentacled monstrosity (Vaults:5)
  4 deep elf blademasters
  5 liches
  3 titans (Vaults:5)
  31 acid blobs
  6 sphinxes
  3 deep elf master archers
  2 Executioners (Abyss:4)
  15 tentacled starspawn
  Murray (Hell)
  4 quicksilver dragons
  2 ancient champions (Hell)
  Kirke (D:14)
  4 krakens
  The ghost of Ytiur the Warrior, an adept MiFi of the Shining One (Shoals:1)
  Roxanne (Snake:3)
  8 tengu reavers
  Donald (Shoals:4)
  Polyphemus (Shoals:4)
  5 shadow dragons
  2 storm dragons
  Ilsuiw (Shoals:2)
  A revenant (Abyss:1)
  11 azure jellies
  14 rockslimes
  8 frost giants
  2 nagarajas
  A daeva (Abyss:4)
  4 deep elf sorcerers
  3 orc warlords
  4 cacodemons
  4 balrugs
  8 fire giants
  A draconian knight (Depths:5)
  2 iron dragons (Vaults:5)
  3 imperial myrmidons (Desolation)
  Aizul (Snake:4)
  13 vault wardens
  A draconian shifter (Depths:5)
  5 deep elf elementalists
  2 war gargoyles
  8 quicksilver oozes
  29 very ugly things
  7 spriggan defenders
  6 reapers
  A blood saint (WizLab)
  2 black draconians
  The ghost of Harkinian the Severer, a journeyman HOFi of Qazlal (Lair:2)
  4 green draconians
  20 ironbound preservers
  4 vampire knights
  17 stone giants
  2 deep elf demonologists
  3 deep elf annihilators (Elf:3)
  3 halazid warlocks (Desolation)
  An entropy weaver (Vaults:5)
  A purple draconian (Depths:5)
  A red draconian (Depths:5)
  A white draconian (Abyss:3)
  10 dire elephants
  3 lorocyprocas (WizLab)
  3 yellow draconians
  6 spark wasps
  2 eidola
  3 crystal guardians
  3 green deaths (Depths:1)
  15 ettins
  The ghost of Raifyih the Carver, a journeyman DsGl of Qazlal (D:11)
  6 blizzard demons
  Josephine (D:14)
  13 merfolk impalers
  8 fire dragons
  5 merfolk javelineers
  4 deep elf death magi
  4 deep elf high priests
  9 hydras
  5 ragged hierophants (Desolation)
  5 salamander tyrants (Snake:4)
  Harold (D:9)
  10 servants of whispers (Desolation)
  14 great orbs of eyes
  38 vault guards
  A spectral kraken (Shoals:1)
  Erolcha (D:9)
  The ghost of Sobieck the Thaumaturge, a journeyman DECj of Vehumet (D:13)
  2 hell beasts
  The ghost of Onwuirut the Cardsharp, a journeyman DsMo of Nemelex Xobeh (Lair:1)
  2 caustic shrike simulacra (IceCv)
  10 yaktaur captains
  Fannar (Lair:2)
  9 peacekeepers
  7 naga warriors
  5 ironbound thunderhulks
  4 ice dragons
  6 merfolk avatars
  4 spriggan air magi
  10 ironbound frosthearts
  4 rakshasas
  3 alligator snapping turtles (Shoals:4)
  2 ogre magi
  2 catoblepae
  3 boulder beetles
  9 anacondas
  13 centaur warriors
  6 merfolk aquamancers
  A satyr (Shoals:2)
  24 dancing weapons
  6 two-headed ogres
  A death knight (D:14)
  An alligator (Lair:5)
  3 tengu warriors
  3 deep troll shamans
  4 deep troll earth magi
  3 vampire magi
  15 death yaks
  A shock serpent (shapeshifter) (Depths:3)
  6 sun demons
  6 ironbound beastmasters
  18 deep elf knights
  3 hell hogs (Abyss:4)
  6 naga sharpshooters
  6 orc high priests (Orc:2)
  A titan zombie (Abyss:4)
  9 shock serpents
  16 hell knights
  4 spriggan berserkers (Depths:3)
  16 thrashing horrors
  An iron troll (Depths:3)
  20 wretched stars
  A fire crab (Depths:2)
  2 skeletal warriors (D:14)
  A titan skeleton (Depths:3)
  2 fire crabs (shapeshifter)
  7 soul eaters
  A spectral anaconda (Lair:6)
  4 salamander mystics
  7 spatial maelstroms
  A shadow wraith (Abyss:1)
  14 sixfirhies
  A sea snake (shapeshifter) (Abyss:4)
  2 orange crystal statues (IceCv)
  13 sea snakes
  A glowing orange brain (shapeshifter) (Elf:2)
  13 wizards
  33 starcursed masses
  2 obsidian statues
  3 anaconda skeletons
  7 glowing orange brains
  A flayed ghost (Depths:2)
  13 orc knights
  7 naga ritualists
  56 deep trolls
  21 ironbound convokers
  47 large abominations
  Pikel (D:7)
  9 deep elf archers
  8 necromancers
  17 mana vipers
  3 oklob plants
  20 harpies
  10 phantasmal warriors
  31 deep elf zephyrmancers
  8 lindwurms
  An orc sorcerer (Orc:1)
  13 shining eyes
  A shadow dragon skeleton (Abyss:1)
  2 wolf spiders
  A mana viper (shapeshifter) (Abyss:3)
  49 ugly things
  3 frost giant zombies
  A will-o-the-wisp (Abyss:4)
  5 fauns
  A wolf spider (shapeshifter) (Vaults:5)
  6 worldbinders
  21 salamanders
  A stone giant zombie (Abyss:1)
  27 deep elf pyromancers
  A spectral alligator snapping turtle (Shoals:1)
  8 merfolk sirens
  A fire giant skeleton (Depths:3)
  An apis skeleton (Depths:5)
  5 cyclopes
  17 manticores
  2 dire elephant zombies
  11 elephants
  16 vault sentinels
  42 black mambas
  An ice statue (Shoals:2)
  11 orange demons
  6 water nymphs
  6 rust devils
  20 naga magi
  2 eyes of devastation (Slime:3)
  11 guardian serpents
  10 molten gargoyles
  3 apocalypse crabs
  An eye of devastation (shapeshifter) (Vaults:4)
  15 smoke demons
  A spectral sea snake (Shoals:1)
  A dire elephant skeleton (Lair:6)
  3 hellions
  16 cane toads
  2 gargoyles
  A sea snake zombie (Hell)
  Psyche (D:9)
  3 efreet
  5 rime drakes
  11 unseen horrors
  11 komodo dragons
  An ice devil (WizLab)
  20 yaktaurs
  5 demonic crawlers
  2 golden dragon simulacra (IceCv)
  4 tengu conjurers
  8 freezing wraiths
  19 ancient zymes
  A hellwing (Depths:1)
  A silent spectre (Abyss:3)
  4 red devils
  2 anaconda simulacra (IceCv)
  25 merfolk
  2 queen bees
  4 meliai
  A sea snake skeleton (Hell)
  6 wind drakes
  2 hydra zombies (Hell)
  8 trolls
  4 hydra skeletons
  A polar bear (shapeshifter) (Abyss:1)
  38 saltlings (Desolation)
  4 hornets
  3 polar bears
  Prince Ribbit (D:6)
  6 blink frogs (Lair:5)
  11 snapping turtles
  An alligator zombie (Hell)
  94 slime creatures
  An ettin zombie (Abyss:3)
  2 spectral elephants (Lair:6)
  34 raiju
  A centaur simulacrum (D:14)
  4 flying skulls
  4 spriggans
  3 air elementals
  9 ynoxinuls
  2 dire elephant simulacra (IceCv)
  19 water elementals
  3 shadows
  A tarantella (shapeshifter) (D:14)
  4 wyverns
  58 yaks
  22 humans (D:13)
  9 wraiths
  7 fire bats
  4 fire elementals
  2 hogs
  A basilisk (Lair:5)
  A vampire mosquito (D:11)
  A human simulacrum (Vaults:1)
  9 neqoxecs
  23 golden eyes
  17 chaos spawn
  3 wargs
  A harpy simulacrum (IceCv)
  13 spatial vortices
  An acid dragon (D:10)
  47 small abominations
  28 nagas
  2 spectral snapping turtles (Shoals:1)
  Duvessa (D:4)
  7 hell hounds
  28 water moccasins
  51 orc warriors
  4 sky beasts
  A swamp drake (Lair:4)
  5 ice beasts
  2 necrophages
  A spriggan simulacrum (Depths:3)
  2 alligator simulacra (IceCv)
  40 wolves
  4 ettin simulacra (IceCv)
  13 ogres
  An elephant skeleton (Lair:6)
  15 centaurs
  A lemure (D:7)
  3 bullfrogs
  A scorpion (D:6)
  Dowan (D:4)
  A gnoll sergeant (D:9)
  2 earth elementals
  A water moccasin zombie (D:6)
  3 lindwurm simulacra (IceCv)
  26 killer bees
  A vampire bat (Depths:2)
  6 wights
  3 electric eels
  10 howler monkeys
  A crimson imp (Abyss:1)
  A lava snake (Depths:2)
  3 centaur zombies
  A quasit (Abyss:2)
  8 iron imps
  11 jellies
  31 orc priests
  2 bullfrog skeletons
  Crazy Yiuf (D:5)
  A hound (D:6)
  A gnoll shaman (D:7)
  A human skeleton (Abyss:1)
  3 iguanas (D:5)
  Terence (D:3)
  19 orc wizards
  7 hell rats (Hell)
  4 lightning spires (Depths:2)
  2 killer bee zombies (D:8)
  Robin (D:4)
  20 adders
  11 gnolls
  A shadow imp (D:5)
  9 white imps
  6 ufetubi
  A dart slug (D:1)
  79 orcs
  4 endoplasms
  2 giant cockroaches (D:1)
  17 goblins
  8 hobgoblins
  3 jackals (D:4)
  18 kobolds
  A quokka (D:3)
  4 ball pythons
  4 bats
  2 frilled lizards
  A quokka skeleton (D:4)
  7 rats
  A ball lightning (Depths:2)
  A butterfly (Lair:1)
  2 lurking horrors
  19 starspawn tentacles
  5 tentacles
2688 creatures vanquished.

Vanquished Creatures (collateral kills)
  the Royal Jelly (Slime:5)
  Geryon (Hell)
  A quicksilver dragon (Vaults:5)
  2 acid blobs (Slime:5)
  A tengu reaver (Vaults:5)
  A daeva (Abyss:4)
  An azure jelly (Slime:5)
  A rockslime (Slime:5)
  A fire giant (Vaults:5)
  A nagaraja (Snake:4)
  A frost giant (Vaults:3)
  An orc warlord (Orc:1)
  A ghost moth (shapeshifter) (Abyss:4)
  A vault warden (Vaults:5)
  An ironbound preserver (Vaults:5)
  A quicksilver ooze (Slime:5)
  2 reapers (Hell)
  A lorocyproca (Hell)
  A deep elf death mage (Vaults:5)
  A crystal guardian (Abyss:4)
  A fire dragon (Depths:2)
  A great orb of eyes (Abyss:4)
  A peacekeeper (Vaults:3)
  A naga warrior (Snake:4)
  A boulder beetle (D:13)
  2 anacondas (Snake:4)
  A tengu warrior (D:13)
  A naga sharpshooter (Snake:4)
  A shock serpent (Snake:4)
  2 thrashing horrors (Abyss:4)
  A soul eater (Hell)
  2 wretched stars (Abyss:4)
  A salamander mystic (Snake:4)
  3 deep trolls (Vaults:5)
  A deep elf pyromancer (D:13)
  2 mana vipers (Snake:4)
  An ugly thing (Vaults:3)
  A manticore (D:13)
  A salamander (Snake:4)
  A rust devil (Hell)
  A molten gargoyle (Hell)
  A smoke demon (Abyss:4)
  A freezing wraith (IceCv)
  A hellion (Hell)
  An efreet (Abyss:4)
  A yaktaur (Vaults:5)
  An ice devil (Hell)
  2 ancient zymes (Abyss:4)
  A troll (D:12)
  A wind drake (Shoals:3)
  A merfolk (Shoals:3)
  A shadow dragon simulacrum (Abyss:4)
  An alligator zombie (Hell)
  3 raiju (Abyss:4)
  A slime creature (shapeshifter) (Abyss:4)
  A stone giant simulacrum (Abyss:4)
  A ynoxinul (Abyss:4)
  A neqoxec (Abyss:4)
  A warg (D:9)
  2 spatial vortices (Abyss:4)
  A large abomination (Abyss:4)
  A swamp drake (shapeshifter) (Abyss:4)
  4 orc warriors
  An ogre (Orc:1)
  A gnoll sergeant (D:9)
  A small abomination (Abyss:4)
  6 orc priests
  An iron imp (Abyss:4)
  A human skeleton (Abyss:4)
  2 gnolls (D:9)
  A white imp (Abyss:4)
  5 orcs
  3 starspawn tentacles (Abyss:4)
100 creatures vanquished.

Vanquished Creatures (others)
  The ghost of miscthings the Stormcaller, an adept TeAE of Sif Muna (Shoals:3)
  A vampire knight (Depths:5)
  A salamander tyrant (Snake:4)
  A thrashing horror (Abyss:4)
  2 wizards
  A centaur (Volcano)
  An orc (Vaults:1)
  4 ball lightnings
  11 demonic plants (Abyss:1)
  2 foxfires (Abyss:4)
  25 fungi
  2 lurking horrors
  126 plants
  32 starspawn tentacles
  19 tentacles
  12 withered plants (Lair:6)
241 creatures vanquished.

Grand Total: 3029 creatures vanquished

Notes
Turn   | Place    | Note
-------+----------+-------------------------------------------
     0 | D:1      | snetch the Minotaur Berserker began the quest for the Orb.
     0 | D:1      | Reached XP level 1. HP: 19/19 MP: 0/0
   230 | D:1      | Reached XP level 2. HP: 27/27 MP: 1/1
  1098 | D:2      | Reached ** piety under Trog
  1184 | D:2      | Found a faded altar of an unknown god.
  1346 | D:2      | Reached XP level 3. HP: 29/33 MP: 2/2
  1621 | D:2      | Reached XP level 4. HP: 41/41 MP: 3/3
  2125 | D:3      | Noticed Terence
  2136 | D:3      | Killed Terence
  2137 | D:3      | Reached skill level 5 in Axes
  2424 | D:3      | Reached XP level 5. HP: 44/47 MP: 4/4
  2945 | D:5      | Entered Level 5 of the Dungeon
  2945 | D:5      | Noticed an ogre
  2958 | D:5      | Killed an ogre
  2959 | D:5      | Reached skill level 5 in Fighting
  3272 | D:5      | Noticed a necrophage
  3277 | D:5      | Reached XP level 6. HP: 28/56 MP: 5/5
  3855 | D:4      | Noticed Duvessa
  3855 | D:4      | Noticed Dowan
  3861 | D:4      | Killed Duvessa
  3861 | D:4      | Killed Dowan
  3862 | D:4      | Reached XP level 7. HP: 55/61 MP: 6/6
  4051 | D:4      | Noticed Robin
  4057 | D:4      | Reached *** piety under Trog
  4067 | D:4      | Killed Robin
  4574 | D:5      | Reached skill level 5 in Armour
  4581 | D:6      | Noticed Prince Ribbit
  4608 | D:6      | Killed Prince Ribbit
  4609 | D:6      | Reached XP level 8. HP: 48/70 MP: 7/7
  5078 | D:5      | Found Jecoelel's Hydra Hut.
  5079 | D:5      | Noticed a six-headed hydra
  5084 | D:5      | Bought a +2 broad axe of flaming for 268 gold pieces
  5147 | D:5      | Found a runed translucent door.
  5148 | D:5      | Noticed Crazy Yiuf
  5155 | D:5      | Killed Crazy Yiuf
  5488 | D:7      | Reached **** piety under Trog
  5526 | D:7      | Found a staircase to the Ecumenical Temple.
  5654 | D:6      | Identified the +3 leather armour of Vapneth {Str+4}
  5755 | D:6      | Found the +8 trident of the Octopus King {venom, rElec
                  | rPois Will+}
  6092 | D:7      | Identified the +0 leather armour "Akukirghikha" {Dex+4
                  | SInv}
  6116 | D:7      | Reached skill level 10 in Axes
  6154 | D:7      | Noticed a troll
  6162 | D:7      | Killed a troll
  6163 | D:7      | Reached skill level 1 in Polearms
  6163 | D:7      | Reached XP level 9. HP: 58/78 MP: 8/8
  6423 | D:7      | Noticed Pikel
  6428 | D:7      | Killed Pikel
  6513 | Temple   | Entered the Ecumenical Temple
  7008 | D:7      | Found a shimmering blue altar of Sif Muna.
  7207 | D:8      | Reached skill level 5 in Polearms
  7207 | D:8      | Reached skill level 1 in Stealth
  7232 | D:9      | Noticed Psyche
  7247 | D:9      | Killed Psyche
  7248 | D:9      | Reached XP level 10. HP: 57/88 MP: 9/9
  7427 | D:8      | Noticed a two-headed ogre
  7448 | D:8      | Killed a two-headed ogre
  7458 | D:8      | Noticed a two-headed ogre
  7472 | D:8      | Killed a two-headed ogre
  8068 | D:8      | Found Imouc's Weapon Shop.
  8297 | D:9      | Found a staircase to the Lair.
  8297 | D:9      | Noticed Harold
  8316 | D:9      | HP: 4/91 [Harold (1)]
  8320 | D:9      | Killed Harold
  8321 | D:9      | Reached skill level 10 in Polearms
  8869 | D:10     | Entered Level 10 of the Dungeon
  8879 | D:10     | Reached skill level 10 in Armour
  8883 | D:10     | Reached XP level 11. HP: 97/97 MP: 10/10
  9072 | D:9      | Noticed Erolcha
  9078 | D:9      | Killed Erolcha
  9496 | D:11     | Noticed a two-headed ogre
  9503 | D:11     | Killed a two-headed ogre
  9504 | D:11     | Reached skill level 1 in Shields
  9544 | D:11     | Found a staircase to the Orcish Mines.
  9576 | D:11     | Found a flagged portal.
  9577 | D:11     | Noticed a tengu warrior
  9597 | D:11     | Killed a tengu warrior
  9627 | Bailey   | Entered a bailey
  9717 | Bailey   | Reached skill level 10 in Fighting
  9792 | Bailey   | Identified the +3 ring mail of Defence {Harm rC- rCorr
                  | Int+5}
 11013 | D:11     | Found a transporter.
 11020 | D:11     | Found a transporter.
 11020 | D:11     | Noticed Raifyih's ghost (journeyman DsGl)
 11021 | D:11     | Noticed an eight-headed hydra
 11476 | D:12     | Noticed a boulder beetle
 11508 | D:12     | Killed a boulder beetle
 11515 | D:12     | Reached XP level 12. HP: 83/107 MP: 11/11
 11645 | D:12     | You are sucked into a shaft and drop 1 floor!
 11648 | D:13     | Noticed a centaur warrior
 11656 | D:13     | Reached skill level 5 in Shields
 11669 | D:13     | Killed a centaur warrior
 12001 | D:13     | Noticed a deep troll earth mage
 12002 | D:13     | Noticed a boulder beetle
 12002 | D:13     | Noticed a tengu warrior
 12002 | D:13     | Noticed Sobieck's ghost (journeyman DECj)
 12005 | D:13     | Found a runed translucent gate.
 12005 | D:13     | Found a runed translucent gate.
 12005 | D:13     | Found a runed translucent gate.
 12680 | D:13     | Noticed a centaur warrior
 12688 | D:13     | Killed a centaur warrior
 12733 | D:12     | Noticed a fire dragon
 12757 | D:12     | Killed a fire dragon
 12789 | D:12     | Identified the +9 quarterstaff "Orad" {vorpal, +Rage Will+
                  | rCorr Str-5}
 12812 | D:12     | Identified the +3 halberd of Resourcefulness {venom, rF-
                  | Will++ Dex+4 SInv}
 13270 | D:13     | Reached skill level 5 in Dodging
 13280 | D:13     | Reached ***** piety under Trog
 13360 | D:13     | Got the Disquisition on Congealing Poisoning
 13410 | D:13     | Noticed a vault guard
 13437 | D:13     | Killed a vault guard
 13486 | D:13     | Found a gate to the Vaults.
 13949 | D:14     | Noticed Josephine
 13960 | D:14     | Killed Josephine
 13977 | D:14     | Received a gift from Trog
 13978 | D:14     | Reached XP level 13. HP: 92/117 MP: 12/12
 14088 | D:14     | Got the Almanac of Excruciating Transformation
 14770 | D:14     | Reached skill level 10 in Shields
 15061 | D:15     | Entered Level 15 of the Dungeon
 15389 | D:14     | Noticed Kirke
 15409 | D:14     | Killed Kirke
 16098 | D:15     | Found a portal to a secret trove of treasure.
 16125 | D:15     | Noticed a dire elephant
 16144 | D:15     | Killed a dire elephant
 16162 | D:15     | Found a staircase to the Depths.
 16815 | D:11     | Killed Raifyih's ghost
 17036 | D:13     | Reached XP level 14. HP: 114/129 MP: 13/13
 17036 | D:13     | Killed Sobieck's ghost
 17129 | Orc:1    | Entered Level 1 of the Orcish Mines
 17350 | Orc:2    | Entered Level 2 of the Orcish Mines
 17364 | Orc:2    | Received a gift from Trog
 17365 | Orc:2    | Found the +8 mithril axe "Arga" {speed, Will+}
 17439 | Orc:2    | Found a staircase to the Elven Halls.
 17494 | Orc:2    | Found Yzxikept's General Store.
 17510 | Orc:2    | Bought a scroll of identify for 26 gold pieces
 18856 | Orc:2    | Found Talag's Weapon Emporium.
 18858 | Orc:2    | Found Gialanyr's Antique Weapon Shoppe.
 18858 | Orc:2    | Found Dutweiz's Weapon Emporium.
 18859 | Orc:2    | Found Joczeoc's Weapon Emporium.
 19087 | Orc:1    | Noticed an orc warlord
 19104 | Orc:1    | Killed an orc warlord
 19428 | Lair:1   | Entered Level 1 of the Lair of Beasts
 19450 | Lair:1   | Reached skill level 15 in Axes
 19549 | Lair:1   | Noticed Onwuirut's ghost (journeyman DsMo)
 19558 | Lair:1   | Found a transporter.
 19562 | Lair:1   | Found a transporter.
 19602 | Lair:1   | Found a hide-covered altar of Uskayaw.
 20338 | Lair:2   | Noticed Fannar
 20354 | Lair:2   | Killed Fannar
 20374 | Lair:2   | Found a burning altar of Makhleb.
 20626 | Lair:2   | Noticed Harkinian's ghost (journeyman HOFi)
 20629 | Lair:2   | Found a transporter.
 20638 | Lair:2   | Found a transporter.
 21551 | Lair:3   | Found a staircase to the Shoals.
 21837 | Lair:3   | Found a staircase to the Snake Pit.
 22073 | Lair:3   | Received a gift from Trog
 22590 | Lair:5   | Reached XP level 15. HP: 138/138 MP: 14/14
 22641 | Lair:5   | Identified the ring of Nobility {rN+++ Will- AC+4 Int-3
                  | Dex+4}
 23060 | Lair:5   | Found a dark tunnel.
 23079 | Volcano  | Entered a volcano
 23116 | Volcano  | Found a bloodstained altar of Trog.
 23888 | Lair:1   | Killed Onwuirut's ghost
 24200 | Lair:2   | Killed Harkinian's ghost
 24305 | Lair:3   | Reached XP level 16. HP: 147/147 MP: 15/15
 24415 | Lair:3   | Identified the +3 leather armour of Ohyxa {Harm rPois Str-4
                  | Int+4}
 24924 | Lair:5   | Reached skill level 15 in Fighting
 25464 | Lair:6   | Entered Level 6 of the Lair of Beasts
 25499 | Lair:6   | Received a gift from Trog
 25750 | Lair:6   | Identified the +0 robe "Xurer" {rN+ Str+3}
 26251 | Lair:6   | Reached ****** piety under Trog
 26439 | Lair:6   | Reached skill level 15 in Shields
 26444 | Lair:6   | Reached XP level 17. HP: 134/160 MP: 16/16
 26662 | Lair:6   | Found a staircase to the Slime Pits.
 26760 | Lair:6   | Reached skill level 15 in Armour
 27044 | Lair:6   | Identified the +4 dagger of the Vine {vorpal, Stlth+}
 27109 | Shoals:1 | Entered Level 1 of the Shoals
 27109 | Shoals:1 | Noticed Nikola
 27160 | Shoals:1 | Killed Nikola
 27289 | Shoals:1 | Identified a scroll of acquirement
 27619 | Lair:3   | Acquired 531 gold pieces
 27721 | Shoals:1 | Reached skill level 1 in Throwing
 27843 | Shoals:1 | Noticed a kraken
 27859 | Shoals:1 | Killed a kraken
 27959 | Shoals:1 | Noticed a kraken
 27973 | Shoals:1 | Killed a kraken
 28215 | Shoals:1 | Identified the +9 hunting sling "Tug Cuef" {freeze, Fly
                  | Dex+2 SInv}
 28258 | Shoals:2 | Received a gift from Trog
 28620 | Shoals:2 | Found a frozen archway.
 28638 | IceCv    | Entered an ice cave
 28949 | IceCv    | Lost intelligence.
 29530 | Shoals:1 | Found a transporter.
 29534 | Shoals:1 | Found a transporter.
 29534 | Shoals:1 | Noticed Ytiur's ghost (adept MiFi)
 29570 | Shoals:2 | Noticed Ilsuiw
 29635 | Shoals:2 | Killed Ilsuiw
 30674 | Shoals:3 | Found Kahot's Jewellery Emporium.
 30892 | Shoals:3 | Noticed a kraken
 30901 | Shoals:3 | Killed a kraken
 31320 | Shoals:3 | Found a runed translucent door.
 31322 | Shoals:3 | Noticed miscthings's ghost (adept TeAE)
 31343 | Shoals:3 | Killed miscthings's ghost
 31344 | Shoals:3 | Reached XP level 18. HP: 109/176 MP: 17/17
 31679 | Shoals:4 | Entered Level 4 of the Shoals
 31720 | Shoals:4 | Noticed Polyphemus
 31857 | Shoals:4 | Killed Polyphemus
 31924 | Shoals:4 | Received a gift from Trog
 32624 | Shoals:4 | Noticed Donald
 32665 | Shoals:4 | Killed Donald
 33361 | Shoals:4 | Got a barnacled rune of Zot
 33740 | Shoals:4 | Identified the ring of Mophost {rF- rC+ rCorr Int+5}
 34244 | Shoals:1 | Killed Ytiur's ghost
 34252 | Shoals:1 | Identified the ring of Autotheism {rN++ rCorr AC+4 Int+3
                  | Dex+3}
 34495 | Snake:1  | Entered Level 1 of the Snake Pit
 34511 | Snake:1  | Received a gift from Trog
 35717 | Snake:2  | Identified the +9 broad axe of the Badger {vorpal, Fragile
                  | Fly rElec}
 36584 | Snake:2  | You are sucked into a shaft and drop 1 floor!
 36751 | Snake:3  | Identified Roxanne's Grimoire of Shape Shifting
 36751 | Snake:3  | Noticed Roxanne
 36767 | Snake:3  | Killed Roxanne
 36858 | Snake:3  | Reached XP level 19. HP: 161/191 MP: 18/18
 36983 | Snake:3  | Received a gift from Trog
 37715 | Snake:3  | Noticed Jorgrun
 37734 | Snake:3  | Killed Jorgrun
 38154 | Snake:3  | Found Sast's Weapon Emporium.
 38154 | Snake:3  | Found Xuowee's Magic Scroll Shoppe.
 38740 | Snake:4  | Entered Level 4 of the Snake Pit
 38740 | Snake:4  | Found Sasomip's General Store.
 38833 | Snake:4  | Noticed Aizul
 38853 | Snake:4  | Killed Aizul
 39793 | Snake:4  | Received a gift from Trog
 40519 | Snake:4  | Got a serpentine rune of Zot
 41261 | Vaults:1 | Entered Level 1 of the Vaults
 41594 | Vaults:1 | Got the Disquisition on Fetching Lightness
 41802 | Vaults:1 | Found Neuheim's Book Shop.
 41953 | Vaults:1 | Reached XP level 20. HP: 206/206 MP: 19/19
 42678 | Vaults:2 | Paralysed by a sphinx for 6 turns
 43275 | Vaults:2 | Found a staircase to the Crypt.
 43275 | Vaults:2 | Found a basalt altar of Yredelemnul.
 43276 | Vaults:2 | Found an ancient bone altar of Kikubaaqudgha.
 44726 | Vaults:3 | Received a gift from Trog
 45382 | Vaults:3 | Found Qogaut's Armour Shoppe.
 45400 | Vaults:3 | Bought a +0 pair of boots of rampaging for 195 gold pieces
 45505 | Vaults:3 | Received a gift from Trog
 45775 | Vaults:3 | Reached XP level 21. HP: 204/220 MP: 20/20
 48036 | Vaults:4 | Reached skill level 27 in Fighting
 48071 | Vaults:4 | Received a gift from Trog
 48683 | D:15     | You paid a toll of a +6 demon trident to enter a treasure
                  | trove
 48684 | Trove    | Entered a treasure trove
 48700 | Trove    | Found the +10 morningstar "Eos" {elec, Halo rElec}
 48700 | Trove    | Found the +14 obsidian axe {vorpal, Drain Fly SInv}
 48721 | Trove    | Identified the +7 war axe of Apystea {vorpal, rF+ Stlth+}
 48723 | Trove    | Identified the +6 dagger of Wrongful Imprisonment
                  | {antimagic, rC+ Int+2 Dex+3 Stlth+}
 48726 | Trove    | Identified the +7 trident of the Skies Above {spect, rN+
                  | Str+9 Dex-4}
 48728 | Trove    | Identified the +2 trident of Yredelemnul's Pride {vorpal,
                  | rF+ Int+3}
 48740 | Trove    | Identified the +3 halberd "Rirasicw" {protect, rC+++ Str+9
                  | Int-5 SInv}
 48823 | D:15     | Upgraded the game from 0.28-a0-8-g6e044cfa68 to
                  | 0.28-a0-21-gf74fda84f9
 48948 | Elf:1    | Entered Level 1 of the Elven Halls
 48980 | Elf:1    | Reached skill level 1 in Evocations
 48996 | Elf:1    | Reached skill level 5 in Stealth
 49175 | Elf:1    | Found Hutuot's Magic Scroll Emporium.
 49265 | Elf:1    | Found a crumbling gateway.
 49296 | Desolati | Entered the Desolation of Salt
 49321 | Desolati | Received a gift from Trog
 49721 | Desolati | Identified the ring of Serendipity {Ice MP-9 Int+7}
 49745 | Desolati | Identified the +11 hunting sling of a Gauntlet {venom, rC+
                  | rCorr Int+4 Stlth+}
 49909 | Desolati | Identified the +1 leather armour of Testeh {+Blink MP+9}
 49969 | Desolati | Identified the +6 long sword "Bera" {vorpal, +Rage rN+
                  | rCorr}
 49985 | Desolati | Identified the +0 halberd of the Tundras {antimagic, +Blink
                  | rN+ Stlth+}
 50291 | Desolati | Reached XP level 22. HP: 231/231 MP: 21/21
 50350 | Desolati | Received a gift from Trog
 50709 | Desolati | Identified the +3 shortbow of Wukhludd {venom, rPois}
 50713 | Desolati | Identified the ring "Ysasiti" {+Blink rElec EV+4 Int+3
                  | Dex+2}
 50717 | Desolati | Identified the +0 chain mail of Vaseu {+Inv rPois rC-}
 50723 | Desolati | Identified the ring of Jealousy {Ice Str+8}
 50731 | Desolati | Identified the +4 ice dragon scales of Beogh's Castigation
                  | {rPois rF- rC++ Int+4}
 51503 | Elf:2    | Identified the +7 scimitar of the Extremes {antimagic,
                  | Fragile rC++ rCorr Stlth+}
 52373 | Elf:2    | Found a runed translucent gate.
 52373 | Elf:2    | Found a runed translucent gate.
 52374 | Elf:2    | Found a runed translucent gate.
 52840 | Elf:3    | Entered Level 3 of the Elven Halls
 53010 | Elf:2    | Paralysed by an air elemental for 1 turns
 53024 | Elf:2    | Got the Guide on the Rocks
 53031 | Elf:2    | Got the Collected Works on the Volcanoes
 53042 | Elf:2    | Got the Incunabulum of the Glacier
 53049 | Elf:2    | Got the Catalogue of Flight
 53099 | Elf:3    | Received a gift from Trog
 53194 | Elf:3    | Found Etyam's Distillery.
 53202 | Elf:3    | Bought a potion of curing for 51 gold pieces
 53549 | Elf:3    | HP: 4/232 [deep elf high priest/divine providence (12)]
 53579 | Elf:3    | Got Sickoe Issae's Volume of Transmigration
 54362 | Elf:3    | Identified the ring "Ledghery" {Int+6 Dex+2}
 54474 | Elf:3    | Identified the +6 halberd of Greed {speed, Str+6 Int+2
                  | Stlth+}
 54549 | Elf:3    | Identified the +1 hand crossbow "Xoweiz" {vorpal, Int+2}
 54551 | Elf:3    | Identified the ring "Ucleic" {rElec rPois rF- rCorr Int+3}
 54566 | Elf:3    | Identified the +6 hunting sling of Drought {flame, +Blink
                  | rC- Str+4 Dex+2}
 54573 | Elf:3    | Identified the +6 scythe of Cowardice {drain, rC+}
 54606 | Elf:3    | Got the Grimoire of Ashen Unholy Magic
 54610 | Elf:3    | Got Qetugup's Papyrus of Beguiling and Moulding
 54617 | Elf:3    | Identified the +7 chain mail of the Kettle-Drum {Will++
                  | Stlth+}
 54623 | Elf:3    | Got the Catalogue of Venom and Dislocation
 54625 | Elf:3    | Got the Volume of Salt
 55053 | Vaults:4 | Received a gift from Trog
 55183 | Vaults:5 | Entered Level 5 of the Vaults
 56134 | Vaults:5 | Reached XP level 23. HP: 210/240 MP: 22/22
 56226 | Vaults:5 | Noticed Margery
 56238 | Vaults:5 | Noticed a dread lich
 56661 | Vaults:4 | Killed a dread lich
 56687 | Vaults:5 | Received a gift from Trog
 56691 | Vaults:5 | Killed Margery
 57594 | Vaults:5 | Received a gift from Trog
 58650 | Vaults:5 | Noticed Sojobo
 58798 | Vaults:4 | Reached XP level 24. HP: 249/249 MP: 22/22
 58813 | Vaults:4 | Received a gift from Trog
 58814 | Vaults:4 | Killed Sojobo
 59076 | Vaults:5 | Found Jeiq's Distillery.
 59076 | Vaults:5 | Found Zeleiff's Distillery.
 59081 | Vaults:5 | Bought a potion of haste for 200 gold pieces
 59081 | Vaults:5 | Bought a potion of heal wounds for 100 gold pieces
 59088 | Vaults:5 | Bought 2 potions of heal wounds for 200 gold pieces
 59088 | Vaults:5 | Bought 3 potions of heal wounds for 300 gold pieces
 59088 | Vaults:5 | Bought a potion of curing for 60 gold pieces
 59335 | Vaults:5 | Found Anasem's Distillery.
 59335 | Vaults:5 | Found Lainud's Distillery.
 59340 | Vaults:5 | Bought a potion of curing for 63 gold pieces
 59340 | Vaults:5 | Bought a potion of haste for 210 gold pieces
 59347 | Vaults:5 | Bought 3 potions of heal wounds for 240 gold pieces
 59357 | Vaults:5 | Found Etuamur's Distillery.
 59362 | Vaults:5 | Bought a potion of heal wounds for 90 gold pieces
 59362 | Vaults:5 | Bought a potion of heal wounds for 90 gold pieces
 59362 | Vaults:5 | Bought a potion of curing for 54 gold pieces
 59369 | Vaults:5 | Found Posam's General Store.
 59384 | Vaults:5 | Found Roezam's Distillery.
 59388 | Vaults:5 | Bought a potion of heal wounds for 70 gold pieces
 59537 | Vaults:5 | Got a silver rune of Zot
 60226 | Slime:1  | Entered Level 1 of the Pits of Slime
 61321 | Slime:1  | Gained mutation: You are frail. (-10% HP) [a shining eye]
 64348 | Slime:3  | Received a gift from Trog
 64354 | Slime:3  | Gained mutation: Potions are less effective at restoring
                  | your health. [a shining eye]
 64356 | Slime:3  | Gained mutation: You are very frail. (-20% HP) [a shining
                  | eye]
 65226 | Slime:2  | Gained mutation: You are clumsy. (Dex -2) [a shining eye]
 67123 | Slime:4  | Gained mutation: You are occasionally teleported next to
                  | monsters. [a shining eye]
 67132 | Slime:4  | Lost mutation: You are clumsy. (Dex -2) [potion of
                  | mutation]
 67132 | Slime:4  | Lost mutation: You are very frail. (-20% HP) [potion of
                  | mutation]
 67132 | Slime:4  | Lost mutation: Potions are less effective at restoring your
                  | health. [potion of mutation]
 67132 | Slime:4  | Gained mutation: You are very frail. (-20% HP) [potion of
                  | mutation]
 67132 | Slime:4  | Gained mutation: You occasionally shout uncontrollably at
                  | your foes. [potion of mutation]
 68884 | Slime:5  | Entered Level 5 of the Pits of Slime
 69206 | Slime:4  | Reached skill level 10 in Dodging
 69213 | Slime:4  | Reached skill level 5 in Throwing
 69535 | Slime:5  | Noticed the Royal Jelly
 69959 | Slime:5  | Killed the Royal Jelly
 71043 | Slime:5  | Got the Catalogue of Ignition and Combat Magic
 71044 | Slime:5  | Identified the +12 shortbow of Wu Jian's Envy {freeze, rF+
                  | Str+3 Int+2}
 71173 | Slime:5  | Got a slimy rune of Zot
 72243 | Depths:1 | Entered Level 1 of the Depths
 72255 | Depths:1 | Reached XP level 25. HP: 185/205 MP: 22/22
 72329 | Depths:1 | You fall into a shaft and drop 1 floor!
 72386 | Depths:2 | Received a gift from Trog
 72433 | Depths:2 | Noticed the Enchantress
 72510 | Depths:2 | Killed the Enchantress
 73299 | Depths:1 | Found a gateway to Hell.
 73333 | Depths:1 | Received a gift from Trog
 73681 | Depths:1 | You fall into a shaft and drop 1 floor!
 74699 | Depths:2 | Got the Incunabulum of Hexes
 74982 | Depths:2 | Got the Incunabulum of the Arsonist
 75353 | Depths:2 | Got the Reference Book on the Birds
 75497 | Depths:2 | Got Dutixan's Reference Book on Moulding
 75615 | Depths:3 | Noticed a juggernaut
 75626 | Depths:2 | Reached skill level 27 in Armour
 75969 | Depths:2 | Killed a juggernaut
 76198 | Depths:3 | Noticed a juggernaut
 76207 | Depths:3 | Killed a juggernaut
 76401 | Depths:3 | Reached XP level 26. HP: 211/212 MP: 22/22
 76420 | Depths:3 | Acquired the +1 crystal plate armour of Feufinlu {+Blink
                  | rF+ rC+}
 76458 | Depths:3 | Identified the ring of Coronation {rC+ rCorr Str+4 Dex+3}
 76482 | Depths:3 | Upgraded the game from 0.28-a0-21-gf74fda84f9 to
                  | 0.28-a0-32-g8dfe7f97f6
 76654 | Depths:3 | Found a one-way gate leading to the halls of Pandemonium.
 76742 | Depths:3 | Received a gift from Trog
 76951 | Depths:3 | Found a one-way gate to the infinite horrors of the Abyss.
 77356 | Depths:3 | Voluntarily entered the Abyss.
 77510 | Abyss:1  | Gained mutation: Your body sometimes deteriorates upon
                  | taking damage. [a cacodemon]
 77597 | Abyss:1  | Gained mutation: You frequently scream uncontrollably at
                  | your foes. [a neqoxec]
 77911 | Abyss:1  | Reached skill level 15 in Dodging
 77958 | Abyss:1  | Found a corrupted altar of Lugonu.
 77981 | Abyss:1  | Gained mutation: Your spells are a little easier to cast,
                  | but a little less powerful. [a neqoxec]
 78083 | Abyss:1  | Received a gift from Trog
 79127 | Abyss:1  | Received a gift from Trog
 79493 | Abyss:2  | Identified the +9 short sword of the Dead {vorpal, Str+5
                  | Int-4}
 79608 | Abyss:2  | Paralysed by accursed screaming for 1 turns
 79750 | Abyss:2  | Received a gift from Trog
 79846 | Abyss:2  | Reached skill level 5 in Evocations
 80456 | Abyss:3  | Found a corrupted altar of Lugonu.
 80665 | Abyss:3  | Found a corrupted altar of Lugonu.
 80819 | Abyss:3  | Reached XP level 27. HP: 218/218 MP: 22/22
 81067 | Abyss:4  | Noticed an ancient lich
 81080 | Abyss:4  | Killed an ancient lich
 81081 | Abyss:4  | Reached skill level 10 in Throwing
 81083 | Abyss:4  | Received a gift from Trog
 81087 | Abyss:4  | Identified the -2 buckler "Innaede" {Rampage rElec Int-3}
 81328 | Abyss:4  | Gained mutation: You are extremely frail. (-30% HP) [a
                  | neqoxec]
 81349 | Abyss:4  | Gained mutation: Armour fits poorly on your strangely
                  | shaped body. [a neqoxec]
 81419 | Abyss:4  | Received a gift from Trog
 81427 | Abyss:4  | Lost mutation: You are extremely frail. (-30% HP) [a
                  | neqoxec]
 81432 | Abyss:4  | Gained mutation: You sometimes lose the ability to read
                  | scrolls when taking damage. [a shining eye]
 81476 | Abyss:4  | Gained mutation: You are sometimes teleported next to
                  | monsters. [a neqoxec]
 81493 | Abyss:4  | Lost mutation: Armour fits poorly on your strangely shaped
                  | body. [potion of mutation]
 81493 | Abyss:4  | Lost mutation: You sometimes lose the ability to read
                  | scrolls when taking damage. [potion of mutation]
 81493 | Abyss:4  | Lost mutation: Your body sometimes deteriorates upon taking
                  | damage. [potion of mutation]
 81493 | Abyss:4  | Gained mutation: You are resistant to electric shocks.
                  | (rElec) [potion of mutation]
 81493 | Abyss:4  | Gained mutation: You have large cloven feet. [potion of
                  | mutation]
 81618 | Abyss:4  | Got an abyssal rune of Zot
 81683 | Depths:3 | Escaped the Abyss
 81994 | Hell     | Entered the Vestibule of Hell
 81994 | Hell     | Noticed Geryon
 82023 | Hell     | Noticed Murray
 82418 | Hell     | Killed Murray
 82432 | Hell     | Killed Geryon
 82508 | Hell     | Found a gateway to the freezing wastes of Cocytus.
 82553 | Hell     | Found a gateway to the Iron City of Dis.
 82591 | Hell     | Found a gateway to the ashen valley of Gehenna.
 82700 | Hell     | Found a gateway to the decaying netherworld of Tartarus.
 82982 | Depths:4 | Reached skill level 10 in Stealth
 83306 | Depths:5 | Entered Level 5 of the Depths
 83376 | Depths:5 | Found a gate to the Realm of Zot.
 83501 | Depths:5 | Found a magical portal.
 83615 | WizLab   | Entered The Hall of the Hellbinder
 83711 | WizLab   | Received a gift from Trog
 83897 | WizLab   | Found a burning altar of Makhleb.
 83939 | WizLab   | Got Ytiet's Papyrus of Calling
 83958 | WizLab   | Killed from afar by a Hell Sentinel

Illustrated notes

Levels and vault maps discovered:
D:1:      saegor_arrival_simple_c, layout_loops_ring,
          amcnicky_mini_rare_corridor_liquid, minmay_misc_feat_x
D:2:      cheibrodos_pilgrimage, layout_basic,
          dreamdust_ecumenical_altar_statues
D:3:      layout_basic, st_stairs_6, uniq_terence
D:4:      layout_loops_corners, wad_floor_pattern_untrapped, uniq_duvessa,
          uniq_robin
D:5:      layout_rooms, doesnt_shop_hydraphobe, uniq_crazy_yiuf_cottage
D:6:      layout_basic, uniq_prince_ribbit1
D:7:      layout_loops_cross, kennysheep_orc_sif_temple,
          minmay_temple_entry_glass, uniq_pikel
D:8:      cheibrodos_helix_gallery, layout_loops_ring, serial_shops,
          nicolae_take_the_stairs
D:9:      layout_loops_cross, erik_lair_orcish_takeover, serial_aquarium,
          aquarium_bridge_square [aquarium_subvault_window,
          aquarium_subvault_bridge, aquarium_subvault_wall,
          aquarium_subvault_bridge], aquarium_window_2, aquarium_window_2,
          aquarium_window_3, aquarium_view_2b, aquarium_balcony_double_4,
          aquarium_pool_split, uniq_harold, uniq_erolcha, uniq_psyche
D:10:     layout_cave_pods
D:11:     layout_cave_pools, david_orc_3, gammafunk_ghost_arena, enter_bailey_1,
          skrybe_limestone_x, grunt_decor_clamped
D:12:     dragon1_lemuel, layout_rooms
D:13:     layout_long_grid, grunt_vaults_entry_tiered, special_room
          [special_room_bee], gammafunk_ghost_split
D:14:     layout_loops_ring, corexii_leaking_fountain, uniq_kirke,
          uniq_josephine
D:15:     hangedman_depths_entry_try_elsewhere_first, layout_long_grid,
          nicolae_trove_entry_isolated, chequers_serial_rivers_large_b,
          chequers_mini_garden
Temple:   nicolae_temple_the_god_donut
Lair:1:   layout_chaotic_city, gammafunk_ghost_hive, basic_altar,
          lemuel_fruit_fields, serial_bayou_shore_b
Lair:2:   layout_gridlike, gammafunk_ghost_arena, basic_altar,
          wad_woods_road_02, minmay_lair_oklob_chamber, uniq_fannar
Lair:3:   layout_gridlike, minmay_shoals_entry_beasts,
          guppyfry_snake_entry_garden
Lair:4:   lemuel_reptile_caves, layout_concentric_octagons, grunt_megastairs_4,
          infiniplex_staircase_pool
Lair:5:   nzn_winding_woodlands_three_and_one
          [nzn_winding_woodlands_5x15_jagged,
          nzn_winding_woodlands_5x15_default,
          nzn_winding_woodlands_5x15_pathside_ponds,
          nzn_winding_woodlands_center_pierced_h], layout_loops_ring,
          enter_volcano_2, serial_bayou_shore_b, infiniplex_staircase_pool_2
Lair:6:   due_jungle_book, layout_gridlike, minmay_slime_entry_oklob_enclosed,
          grunt_forest_large_clearings
Shoals:1: cheibrodos_shoals_baths, layout_shoals, ebering_ghost_davey_jones,
          uniq_nikola
Shoals:2: layout_shoals, portal_ice_cave_entry_ice_statue_one, uniq_ilsuiw
Shoals:3: layout_shoals, ebering_ghost_inner_flame, serial_shops, shop
Shoals:4: shoals_end_simple, layout_shoals, uniq_polyphemus, uniq_donald
Snake:1:  layout_misc_corridors
Snake:2:  layout_gridlike, nicolae_snake_linked_coils, drop_trap
Snake:3:  layout_chambers, minmay_shoptagon, uniq_jorgrun, uniq_roxanne
Snake:4:  snake_pit_salamanders_mu, layout_misc_corridors, serial_shops, shop,
          uniq_aizul
Slime:1:  layout_caves
Slime:2:  layout_caves
Slime:3:  layout_caves
Slime:4:  nicolae_slime_jelly_donut, layout_caves, nicolae_slime_round_cave
Slime:5
Orc:1:    layout_diamond_mine, basic_altar
Orc:2:    st_orc_pillars, layout_caves, basic_altar, serial_shops, shop,
          minmay_orc_temple_a
Elf:1:    eino_elf_arrival_shootout, layout_gridlike, serial_shops, shop,
          portal_desolation_entry_twin_temple,
          hangedman_elven_crosses_minicolossus, minivault_5,
          hangedman_elf_power_crystal
Elf:2:    elven_hall_of_blades_hangedman_original
          [nicolae_vaults_blade_armed_guards], layout_loops_cross,
          nicolae_elf_stone_circles, nicolae_elf_elemental_lessons
Elf:3:    minmay_elf_hall, layout_geoelf_grid, serial_shops, shop
Vaults:1: vaults_mumra_chevron_long, nicolae_vaults_specimen_jars,
          nicolae_vaults_yaktaur_gun_rack, vaults_room_semicircle,
          ontoclasm_vaults_idyll, serial_ice_h,
          nicolae_vaults_mini_display_case, special_room_vaults
          [special_room_orc], ontoclasm_vaults_misaligned,
          layout_vaults_omnigrid, serial_shops, shop
Vaults:2: minmay_crypt_entry_necro_gods, nicolae_vaults_little_ls,
          nicolae_vaults_theta, nicolae_vaults_little_squares_6,
          vaults_room_ringed_pool, vaults_dpeg_encased_lava, v_misc_9,
          v_misc_14, nicolae_vaults_alarming, v_misc_15, v_misc_18,
          hangedman_vaults_pinch, st_hourglassy, grunt_vaults_funnel,
          ontoclasm_vaults_idyll, ontoclasm_vaults_gateway, layout_vaults_ring
Vaults:3: nicolae_vaults_what_the_h, v_pattern_4, v_misc_5, v_rooms_3,
          v_misc_11, nicolae_vaults_three_branches,
          nicolae_vaults_diagonal_hallway_8, vaults_room_door_ring,
          ontoclasm_vaults_bender, vaults_dpeg_cross, nicolae_vaults_minivaults,
          layout_vaults_maze_bifur, serial_shops, nicolae_shop_crystal
Vaults:4: v_alt_pattern_3, vaults_room_semicircle,
          nicolae_vaults_diagonal_hallway_9, nicolae_vaults_inception_scallops,
          v_misc_18, hangedman_vaults_maws, vaults_room_hangedman_quadrants,
          v_alt_pattern_3, v_rooms_1, hangedman_vaults_cutoff, v_misc_19,
          layout_vaults_big_cross
Vaults:5: uniq_sojobo, uniq_margery
Depths:1: layout_gridlike, grunt_hell_entry_demonic_statue,
          serial_bayou_lagoon_a, kennysheep_big_empty_room,
          beargit_elvish_explorers
Depths:2: minmay_cut_squares, layout_basic, serial_hangedman_research,
          hangedman_research_pyrotechnics, hangedman_research_metamorphosis,
          hangedman_research_probablistics, hangedman_research_electronics,
          hell_entry, dk_noncrumbling_4, uniq_enchantress
Depths:3: minmay_bad_star, layout_cave_pools, pan_entry, hell_entry,
          kennysheep_path_1, abyss_entry_small_statue_room,
          serial_sigils_hangedman_writhe, kennysheep_two_boxes
Depths:4: hangedman_six_sided_sadism, layout_gridlike, enter_ziggurat_f,
          abyss_entry, grunt_hell_entry_dis_old,
          nicolae_qazlal_eye_of_the_storm, statue_in_the_mist_lemuel,
          uniq_frederick
Depths:5: grunt_crosshair, layout_honeycomb, serial_bayou_pond_e,
          mu_enter_wizlab_1, hangedman_coc_ice_floe, solitary_fountain,
          minivault_16, hangedman_blasphemy, infiniplex_staircase_pool_lava,
          serial_bayou_shore_b, uniq_xtahua
Hell
WizLab:   wizlab_demon

Skill      XL: |  1  2  3  4  5  6  7  8  9 10 11 12 13 14 15 16 17 18 19 20 21 22 23 24 25 26 27 |
---------------+----------------------------------------------------------------------------------+-----
Axes           | 4 5 6 7 8 10 11 12 13 15 16 | 16.5
Fighting       | 4 5 6 8 9 10 11 13 14 16 19 22 23 25 27 | 27.0
Dodging        | 3 4 5 6 7 8 9 10 13 17 20 | 20.1
Armour         | 3 4 5 8 10 11 12 13 14 16 17 19 20 21 22 24 27 | 27.0
Polearms       | 1 7 10 12 | 12.5
Stealth        | 1 2 3 4 6 7 8 11 | 11.6
Shields        | 4 8 11 12 13 15 19 22 25 | 25.0
Throwing       | 3 4 5 6 9 11 | 11.4
Evocations     | 1 2 3 5 8 |  8.2

Action                   |  1- 3 |  4- 6 |  7- 9 | 10-12 | 13-15 | 16-18 | 19-21 | 22-24 | 25-27 || total
-------------------------+-------+-------+-------+-------+-------+-------+-------+-------+-------++-------
Melee: Hand axe          |    46 |    81 |    83 |       |       |       |       |       |       ||   210
       Headbutt          |     7 |    21 |    28 |    97 |   241 |   413 |   511 |   506 |   862 ||  2686
       Broad axe         |       |       |    25 |   154 |   512 |  1108 |  1103 |  1301 |  2401 ||  6604
       Trident           |       |       |    80 |   406 |   442 |   419 |   546 |    69 |    35 ||  1997
Throw: Stone             |       |       |       |       |     1 |       |       |       |       ||     1
       Boomerang         |       |       |       |       |       |    31 |     5 |    15 |     5 ||    56
Invok: Berserk           |     1 |     4 |     1 |     3 |     3 |     7 |     6 |     2 |       ||    27
       Trog's Hand       |       |     5 |     2 |     4 |     7 |     6 |     9 |    14 |    23 ||    70
       Brothers in Arms  |       |       |       |     2 |     5 |     3 |    10 |    12 |    13 ||    45
 Abil: Evoke Blink       |       |       |       |       |       |       |       |     2 |       ||     2
Evoke: Phial of floods   |       |       |       |       |     1 |       |       |       |       ||     1
       Box of beasts     |       |       |       |       |       |     1 |       |     2 |       ||     3
       Tin of tremorston |       |       |       |       |       |       |     1 |       |       ||     1
       Condenser vane    |       |       |       |       |       |       |     1 |     1 |     1 ||     3
       Lightning rod     |       |       |       |       |       |       |       |     5 |       ||     5
       Wand              |       |       |       |       |       |       |       |       |     4 ||     4
  Use: Scroll            |       |       |       |     9 |    14 |     8 |     3 |     8 |     8 ||    50
       Potion            |       |       |       |     4 |     1 |     7 |     1 |     7 |     7 ||    27
 Stab: Sleeping          |     1 |       |       |       |       |       |       |       |       ||     1
       Distracted        |       |       |       |     1 |       |       |     5 |     2 |     7 ||    15
       Petrified         |       |       |       |       |     2 |       |       |       |       ||     2
       Confused          |       |       |       |       |       |       |     5 |       |       ||     5
Armor: Animal skin       |    14 |       |       |       |       |       |       |       |       ||    14
       Ring mail         |       |    12 |       |       |       |       |       |       |       ||    12
       Chain mail        |       |    42 |    98 |       |       |       |       |       |       ||   140
       Plate armour      |       |       |    25 |   322 |   368 |   461 |   481 |   371 |   102 ||  2130
       Crystal plate arm |       |       |       |       |       |       |       |       |   263 ||   263
Dodge: Dodged            |    29 |    43 |    79 |   129 |   145 |   284 |   295 |   333 |   490 ||  1827
Block: Kite shield       |       |       |       |   318 |   640 |  1144 |  1059 |       |       ||  3161
       Reflection        |       |       |       |    28 |    16 |    65 |    85 |    83 |    70 ||   347
       Tower shield      |       |       |       |       |       |       |    79 |  1290 |  1976 ||  3345

Table legend: (Time is in decaauts)
 A = Elapsed time spent in this place.
 B = Non-inter-level travel time spent in this place.
 C = Inter-level travel time spent in this place.
 D = Time resting spent in this place.
 E = Time spent auto-exploring this place.
 F = Levels seen in this place.
 G = Mean time per level.
                   A        B        C        D        E       F      G
               +--------+--------+--------+--------+--------+-----+--------+
         Total |  81222 |  73989 |   7233 |  10187 |  41465 |  61 | 1331.5 |
       Dungeon |  17353 |  15444 |   1909 |    498 |  10998 |  15 | 1156.9 |
        Temple |    189 |    179 |     10 |      0 |     55 |   1 |  189.0 |
          Lair |   7831 |   6358 |   1473 |    269 |   3692 |   6 | 1305.2 |
        Shoals |   6558 |   6005 |    553 |    350 |   3778 |   4 | 1639.5 |
     Snake Pit |   6296 |   5854 |    442 |    443 |   3934 |   4 | 1574.0 |
    Slime Pits |  11505 |  11134 |    371 |   4616 |   4460 |   5 | 2301.0 |
  Orcish Mines |   2198 |   2024 |    174 |    110 |   1293 |   2 | 1099.0 |
   Elven Halls |   4002 |   3735 |    267 |    360 |   2043 |   3 | 1334.0 |
        Vaults |  11520 |   9979 |   1541 |   1645 |   5780 |   5 | 2304.0 |
        Depths |   6052 |   5576 |    476 |   1150 |   2915 |   5 | 1210.4 |
          Hell |    469 |    454 |     15 |      0 |    251 |   1 |  469.0 |
         Abyss |   3644 |   3644 |      0 |    105 |   1053 |   4 |  911.0 |
         Trove |    105 |    105 |      0 |      0 |     46 |   1 |  105.0 |
        Bailey |    482 |    482 |      0 |      0 |     91 |   1 |  482.0 |
      Ice Cave |    807 |    807 |      0 |    570 |     15 |   1 |  807.0 |
       Volcano |    369 |    369 |      0 |     43 |    103 |   1 |  369.0 |
        Wizlab |    282 |    282 |      0 |      0 |    161 |   1 |  282.0 |
    Desolation |   1553 |   1553 |      0 |     24 |    795 |   1 | 1553.0 |
               +--------+--------+--------+--------+--------+-----+--------+

Top non-repeatable levels by time:
Vaults:4: 3975 daAuts
 Slime:4: 3975 daAuts
 Slime:3: 2576 daAuts
 Snake:3: 2221 daAuts
Vaults:2: 2160 daAuts
Shoals:4: 2137 daAuts
Depths:2: 2075 daAuts
Vaults:5: 1962 daAuts
 Slime:1: 1954 daAuts
Vaults:3: 1916 daAuts
 Snake:4: 1872 daAuts
    D:13: 1849 daAuts
Depths:3: 1799 daAuts
 Abyss:1: 1773 daAuts
    D:14: 1700 daAuts
